 Dungeon Crawl Stone Soup version 0.31.0-1-g2c135a0 (webtiles) character file.

Game seed: 3746399716825645946

13876 Dogchiho the Grappler (level 11, -10/110 HPs)
             Began as a Troll Fighter on Apr 10, 2024.
             Was a Believer of Wu Jian.
             Mangled by a demonic crawler (14 damage)
             ... on level 2 of the Lair of Beasts.
             The game lasted 00:32:36 (9579 turns).

Dogchiho the Grappler (Troll Fighter)               Turns: 9579, Time: 00:32:36

Health: -10/110    AC: 12    Str: 29    XL:     11   Next: 81%
Magic:  10/10      EV: 14    Int:  4    God:    Wu Jian [**....]
Gold:   910        SH: 12    Dex: 21    Spells: 10/10 levels left

rFire   . .          .
                       - Unarmed
rCold   . . .        b - +0 kite shield
rNeg    . . .        D - +0 steam dragon scales
rPois   .            (helmet restricted)
rElec   .            k - +0 cloak
rCorr   .            (gloves unavailable)
SInv    .            (boots unavailable)
Will    .....        (no amulet)
Stlth   ++           B - ring of Xom's Passing Interest {AC+4 Str+3 Dex+8}
HPRegen 1.18/turn    o - +4 ring of slaying
MPRegen 0.12/turn

%: no passive effects
@: about to teleport, slowed, studying Short Blades, very slow
A: large, unfitting armour, claws 3, regeneration 1, shaggy fur 1, tough skin 1
a: Renounce Religion, Wall Jump


You were on level 2 of the Lair of Beasts.
You worshipped Wu Jian.
Wu Jian was pleased with you.
You visited 3 branches of the dungeon, and saw 12 of its levels.
You also visited: Ossuary.

You collected 910 gold pieces.

Inventory:

Missiles
 H - 6 poisoned darts
Armour
 a - a +0 robe
 b - a +0 kite shield (worn)
 k - a +0 cloak (worn)
 D - +0 steam dragon scales (worn)
Jewellery
 j - a +6 ring of dexterity
 o - a +4 ring of slaying (right claw)
 p - a +5 ring of evasion
 t - a ring of protection from fire
 u - a ring of wizardry
 B - the ring of Xom's Passing Interest (left claw) {AC+4 Str+3 Dex+8}
   (You acquired it on level 1 of the Lair of Beasts)

   [ring of protection]

   AC+4:      It affects your AC (+4).
   Str+3:     It affects your strength (+3).
   Dex+8:     It affects your dexterity (+8).
 I - a ring of fire
Wands
 w - a wand of flame (5)
 E - a wand of light (11)
 F - a wand of charming (7)
Scrolls
 d - a scroll of identify
 h - 3 scrolls of enchant weapon
 l - 3 scrolls of immolation
 m - 6 scrolls of vulnerability
 n - a scroll of amnesia
 q - 3 scrolls of teleportation
 v - a scroll of noise
 x - a scroll of poison
 y - 2 scrolls of silence
 C - 2 scrolls of revelation
 G - a scroll of torment
 J - a scroll of brand weapon
 L - a scroll of fog {unknown}
 M - a scroll of blinking {unknown}
Potions
 c - 3 potions of might
 e - 7 potions of curing
 f - 2 potions of haste
 g - a potion of lignification
 i - 2 potions of heal wounds
 r - a potion of experience
 s - 2 potions of berserk rage
 z - a potion of enlightenment
 A - 2 potions of mutation
 K - a potion of ambrosia {unknown}


   Skills:
 + Level 7.7 Fighting
 + Level 7.7 Dodging
 + Level 8.4 Shields
 * Level 12.4 Unarmed Combat


You had 10 spell levels left.
You didn't know any spells.
Your spell library contained the following spells:

 Spells                   Type           Power      Damage    Failure   Level
 Foxfire                  Conj/Fire      0%         2x1d4     67%         1
 Magic Dart               Conj           0%         1d3       67%         1
 Sandblast                Erth           0%         2d4       67%         1
 Blink                    Tloc           0%         N/A       82%         2
 Call Imp                 Summ           0%         N/A       82%         2
 Lesser Beckoning         Tloc           0%         N/A       82%         2
 Fugue of the Fallen      Necr           0%         N/A       96%         3
 Gell's Gravitas          Tloc           0%         N/A       96%         3
 Ozocubu's Armour         Ice            0%         N/A       96%         3
 Passwall                 Erth           0%         N/A       96%         3
 Stone Arrow              Conj/Erth      0%         3d7       96%         3
 Teleport Other           Tloc           0%         N/A       96%         3
 Brom's Barrelling Bould  Conj/Erth      0%         2d3       100%        4
 Manifold Assault         Tloc           0%         N/A       100%        4
 Summon Blazeheart Golem  Fire/Summ      0%         N/A       100%        4
 Bombard                  Conj/Erth      0%         9d1       100%        6


Dungeon Overview and Level Annotations

Branches:
Dungeon (8/15)             Temple (1/1) D:6            Lair (3/5) D:8
 Spider (0/4) Lair:3      Ossuary (visited)
  Swamp: Lair:2-3    Shoals: Lair:2-3

Altars:
Cheibriados
Fedhas
Gozag
Hepliaklqana
Kikubaaqudgha
Makhleb
Nemelex Xobeh
Okawaru
Qazlal
Ru
Sif Muna
Trog
Uskayaw
Vehumet
Wu Jian
Xom
Yredelemnul
Zin
The Shining One

Shops:
D:7 !

Annotations:
D:4 3 runed translucent doors, Radamante's ghost, amateur MiFi
D:8 Amaemon; Gastronok
Lair:1 1 runed translucent door, Dogchiho's ghost, journeyman HOFi


Innate Abilities, Weirdness & Mutations

You are too large for most types of armour.
You have claws for hands.
Your natural rate of healing is unusually fast.
You are covered in fur. (AC +1)
You have tough skin. (AC +1)


Message History

You feel much better. The demonic crawler hits you.
* * * LOW HITPOINT WARNING * * *
You block the demonic crawler's attack.
The demonic crawler hits you but does no damage.
The demonic crawler barely misses you.
The demonic crawler hits you but does no damage. x2
You scratch the demonic crawler but do no damage.
The demonic crawler hits you but does no damage.
The demonic crawler hits you!
* * * LOW HITPOINT WARNING * * *
The demonic crawler barely misses you.
You scratch the demonic crawler but do no damage.
The demonic crawler hits you!
* * * LOW HITPOINT WARNING * * *
The demonic crawler closely misses you. You block the demonic crawler's attack.
The demonic crawler hits you.
* * * LOW HITPOINT WARNING * * *
You block the demonic crawler's attack. x2
You claw the demonic crawler!
The demonic crawler is lightly wounded.
The demonic crawler hits you but does no damage.
You block the demonic crawler's attack.
The demonic crawler hits you but does no damage.
Okay, then.
You feel much better. The demonic crawler misses you.
You block the demonic crawler's attack. The demonic crawler hits you!
The demonic crawler barely misses you.
You block the demonic crawler's attack. x2
As you read the scroll of teleportation, it crumbles to dust.
You feel strangely unstable. You block the demonic crawler's attack.
The demonic crawler barely misses you. The demonic crawler hits you!
* * * LOW HITPOINT WARNING * * *
The demonic crawler hits you!
* * * LOW HITPOINT WARNING * * *
You block the demonic crawler's attack. The demonic crawler hits you.
* * * LOW HITPOINT WARNING * * *
You mangle the demonic crawler!!
The demonic crawler is moderately wounded.
The demonic crawler hits you but does no damage.
The demonic crawler hits you!
You die...

##..#.....#........##..P###...##.
##..##....##.......##..###P......
.#.###....###.#.#####..# ####.P.#
.#.##......##..#.#.##..## #####
........................########
........................#P#.##P##
.............................P...
.................................
................@s...............
..#.#P....................#######
...###.......###.###.....#.#.P.##
....##......###....#.............
....#.......##...........##......
....#........#.....#......#......
....##......##...........##......
.....#......##.#...#.............
............####.##......#.......


You could see a demonic crawler.

Vanquished Creatures
  A boulder beetle (Lair:3)
  Urug (Lair:2)
  A skyshark (Lair:3)
  3 elephants (Lair:3)
  3 black mambas
  2 cane toads
  A rime drake (Lair:3)
  A polar bear (Lair:2)
  4 blink frogs
  A spriggan (Lair:3)
  26 yaks
  A fire bat (D:7)
  2 steam dragons
  3 basilisks
  A swamp worm (Lair:3)
  5 water moccasins
  A black bear (D:6)
  2 sky beasts
  An ice beast (D:5)
  An orc warrior (D:7)
  2 wolves (D:7)
  A centaur (D:7)
  A phantom (D:5)
  A kobold brigand (D:7)
  10 bullfrogs
  6 scorpions
  A killer bee (D:7)
  An electric eel (Lair:1)
  3 howler monkeys
  A bombardier beetle (D:4)
  3 hounds
  A jelly (D:4)
  A gnoll bouda (D:7)
  5 orc priests
  7 iguanas
  4 orc wizards
  Terence (D:2)
  A sleepcap (D:7)
  8 mummies (Ossuary)
  4 gnolls (D:7)
  6 adders
  A shadow imp (D:6)
  4 ufetubi
  3 dart slugs
  6 ribbon worms
  31 orcs
  5 endoplasms
  3 giant cockroaches
  3 goblins
  3 hobgoblins
  7 jackals
  3 quokkas
  3 ball pythons (D:1)
  15 bats
  6 frilled lizards
  3 gnoll zombies (Ossuary)
  17 kobolds
  3 kobold zombies (Ossuary)
  2 orc zombies (Ossuary)
  5 rats
252 creatures vanquished.

Notes
Turn   | Place    | Note
-------+----------+-------------------------------------------
     0 | D:1      | Dogchiho the Troll Fighter began the quest for the Orb.
     0 | D:1      | Reached XP level 1. HP: 22/22 MP: 0/0
   228 | D:1      | Reached XP level 2. HP: 29/29 MP: 1/1
   846 | D:2      | Reached XP level 3. HP: 33/36 MP: 2/2
  1006 | D:2      | Noticed Terence
  1028 | D:2      | Killed Terence
  1029 | D:2      | Reached skill level 3 in Unarmed Combat
  1029 | D:2      | Reached XP level 4. HP: 40/44 MP: 3/3
  1643 | D:3      | Reached XP level 5. HP: 53/53 MP: 4/4
  2409 | D:4      | Reached skill level 4 in Unarmed Combat
  2698 | D:4      | Found a runed translucent gate.
  2698 | D:4      | Found a runed translucent gate.
  2698 | D:4      | Found a runed translucent gate.
  2711 | D:4      | Noticed Radamante's ghost (amateur MiFi)
  2798 | D:4      | Reached XP level 6. HP: 61/61 MP: 5/5
  3038 | D:5      | Entered Level 5 of the Dungeon
  3187 | D:5      | Found a sand-covered staircase.
  3193 | Ossuary  | Entered an ossuary
  3435 | D:5      | Noticed an ice beast
  3443 | D:5      | Killed an ice beast
  3444 | D:5      | Reached skill level 5 in Unarmed Combat
  3444 | D:5      | Reached XP level 7. HP: 58/68 MP: 6/6
  3844 | D:5      | Found a sacrificial altar of Ru.
  3991 | D:6      | Found a radiant altar of Vehumet.
  4014 | D:6      | Reached skill level 6 in Unarmed Combat
  4046 | D:5      | Reached XP level 8. HP: 78/78 MP: 7/7
  4287 | D:7      | Reached skill level 5 in Shields
  4327 | D:6      | Reached skill level 7 in Unarmed Combat
  4380 | D:6      | Found a staircase to the Ecumenical Temple.
  4393 | Temple   | Entered the Ecumenical Temple
  4410 | Temple   | Became a worshipper of the Wu Jian Council
  4672 | D:7      | Noticed a kobold demonologist
  4775 | D:7      | Found an iron altar of Okawaru.
  4776 | D:7      | Found an opulent altar of Gozag.
  4880 | D:7      | Reached skill level 5 in Dodging
  5220 | D:7      | Reached skill level 5 in Fighting
  5220 | D:7      | Reached XP level 9. HP: 85/88 MP: 8/8
  5513 | D:7      | Found a shimmering altar of Xom.
  5521 | D:7      | Reached skill level 8 in Unarmed Combat
  5581 | D:7      | Found Piebicw's Distillery.
  5600 | D:7      | Found an ancient bone altar of Kikubaaqudgha.
  5755 | D:7      | Reached * piety under Wu Jian
  5819 | D:8      | Found a staircase to the Lair.
  5855 | D:8      | Noticed Gastronok
  5908 | D:8      | Noticed Amaemon
  5908 | D:8      | Noticed an orange demon
  5946 | D:8      | Found a stormy altar of Qazlal.
  5987 | D:8      | Found a bloodstained altar of Trog.
  6032 | Lair:1   | Entered Level 1 of the Lair of Beasts
  6227 | Lair:1   | Noticed a black mamba
  6239 | Lair:1   | Killed a black mamba
  6240 | Lair:1   | Reached skill level 9 in Unarmed Combat
  6292 | Lair:1   | Noticed a cane toad
  6300 | Lair:1   | Killed a cane toad
  6577 | Lair:1   | Reached XP level 10. HP: 98/98 MP: 9/9
  6658 | Lair:1   | Found a runed translucent door.
  6830 | Lair:1   | Found a shimmering altar of Xom.
  6830 | Lair:1   | Noticed Dogchiho's ghost (journeyman HOFi)
  6830 | Lair:1   | Noticed a +1 war axe of chaos
  7175 | Lair:1   | Identified a scroll of acquirement
  7178 | Lair:1   | Acquired the ring of Xom's Passing Interest {AC+4 Str+3
                  | Dex+8}
  7192 | Lair:2   | Noticed a black mamba
  7204 | Lair:2   | Killed a black mamba
  7297 | Lair:2   | Noticed Urug
  7535 | Lair:1   | Reached skill level 10 in Unarmed Combat
  7621 | Lair:2   | Noticed a black mamba
  7650 | Lair:2   | Killed a black mamba
  7757 | Lair:2   | Noticed a cane toad
  7768 | Lair:2   | Killed a cane toad
  7979 | Lair:1   | Reached ** piety under Wu Jian
  8221 | Lair:2   | Reached skill level 11 in Unarmed Combat
  8222 | Lair:2   | Reached XP level 11. HP: 94/107 MP: 10/10
  8412 | Lair:2   | Killed Urug
  8765 | Lair:3   | Noticed a skyshark
  8774 | Lair:3   | Killed a skyshark
  8870 | Lair:3   | Got Sif Muna's Commentary on Metallic Kindling
  8974 | Lair:3   | Noticed a demonic crawler
  8984 | Lair:3   | Found a hole to the Spider Nest.
  9159 | Lair:3   | Noticed a six-headed hydra
  9277 | Lair:3   | Reached skill level 12 in Unarmed Combat
  9398 | Lair:3   | Noticed a boulder beetle
  9422 | Lair:3   | Killed a boulder beetle
  9516 | Lair:3   | Noticed a bog body
  9578 | Lair:2   | HP: 2/110 [demonic crawler (5)]
  9579 | Lair:2   | Mangled by a demonic crawler

Illustrated notes

Levels and vault maps discovered:
D:1:      dpeg_arrival_rooms_with_view, layout_loops_ring,
          chequers_serial_rivers_micro_e
D:2:      layout_basic, grunt_ministairs_10, solitary_fountain,
          chequers_serial_rivers_small_a,
          nicolae_concentric_dashed_squares_wild, nrook_uturn,
          minmay_misc_feat_cross, minmay_tetromino_l4, uniq_terence
D:3:      layout_rooms, serial_corexii_hall, corexii_hall_statues_x,
          corexii_hall_statues_l, chequers_hall_statues_corner_a,
          chequers_hall_statues_corner_a, chequers_hall_statues_y,
          corexii_hall_statues_l, roderic_batcave
D:4:      layout_basic, gammafunk_ghost_necromancy
D:5:      layout_cave_pools, nicolae_ru_sacrificial_ziggurat,
          nicolae_ossuary_entry_plus
D:6:      layout_cave_pools, lemuel_crystal_altar,
          minmay_temple_entry_proselytizer
D:7:      nicolae_BIG_FREAKIN_CUBE, layout_layer_cave, regret_index_xom_of_box,
          chequers_temple_overflow_statue_of_worship,
          mainiacjoe_overflow_cross_hatched, serial_shops,
          nicolae_shop_pleasant_corner_grove, minmay_manual_maat
D:8:      layout_rooms, lemuel_crystal_altar, nicolae_overflow_hidden_temple,
          erik_lair_orcish_takeover, uniq_erica, uniq_amaemon, uniq_gastronok
Temple:   grunt_temple_mini_profane
Lair:1:   layout_regular_city, ebering_ghost_xom, st_stairs_5,
          infiniplex_staircase_pool
Lair:2:   layout_regular_city, uniq_urug
Lair:3:   layout_long_grid, nicolae_swamp_entry_splash_gauntlet,
          nicolae_spider_entry_non_spiders, grunt_forest_large_clearing_hut

Skill      XL: |  1  2  3  4  5  6  7  8  9 10 11 |
---------------+----------------------------------+-----
Shields        | 3 4 5 6 7 8 |  8.4
Unarmed Combat | 3 4 5 6 7 9 11 12 | 12.4
Fighting       | 3 4 5 6 7 |  7.7
Dodging        | 3 4 5 6 7 |  7.7

Action                     |  1- 3 |  4- 6 |  7- 9 | 10-12 || total
---------------------------+-------+-------+-------+-------++-------
  Melee: Unarmed           |    86 |   155 |   249 |   250 ||   740
  Throw: Throwing net      |       |       |       |     1 ||     1
Ability: Lunge             |       |       |     7 |     7 ||    14
         Whirlwind         |       |       |     4 |    41 ||    45
         Wall Jump         |       |       |       |     3 ||     3
    Use: Scroll            |       |     8 |       |    15 ||    23
         Potion            |       |       |     1 |     3 ||     4
   Stab: Sleeping          |     1 |       |       |       ||     1
 Armour: Robe              |    40 |    92 |    38 |       ||   170
         Steam dragon scal |       |       |    85 |   187 ||   272
  Dodge: Dodged            |    19 |    63 |    98 |   119 ||   299
  Block: Kite shield       |    28 |    94 |   146 |   176 ||   444
